[Event "Early-Titled-Tuesday-Blitz-August-29-2023"]
[Site "Chess.com"]
[Date "2023.08.29"]
[Round "1"]
[White "only_strong_moves"]
[Black "wonderfultime"]
[Result "1/2-1/2"]
[WhiteElo "2516"]
[BlackElo "2960"]
[TimeControl "180+1"]
[EndTime "8:07:28 PDT"]
[Termination "Game drawn by repetition"]

1. e4 c5 2. Nf3 Nf6 3. e5 Nd5 4. Nc3 e6 5. Ne4 f5 6. Nc3 Ne7 7. d4 cxd4 8. Nb5 Ng6 9. Qxd4 a6 10. Nd6+ Bxd6 11. Qxd6 Nc6 12. Bd2 Qe7 13. Qxe7+ Ngxe7 14. O-O-O b5 15. Bd3 Bb7 16. Rhe1 h6 17. h4 Rc8 18. h5 Nd5 19. a3 O-O 20. Kb1 Nce7 21. Nh4 Rc7 22. Rg1 Kh8 23. g4 fxg4 24. Rxg4 Rxf2 25.
Bxh6 gxh6 26. Rdg1 Nf4 27. Rg7 Nxd3 28. cxd3 Rc8 29.
Rxe7 Bd5 30. Ng6+ Kg8 31. Nf4+ Kf8 32. Ng6+ Kg8 33. Nf4+ Kf8 34. Ng6+ Kg8 1/2-1/2

[Event "Early-Titled-Tuesday-Blitz-August-29-2023"]
[Site "Chess.com"]
[Date "2023.08.29"]
[Round "1"]
[White "Sinquefield"]
[Black "Andrei_Skvortsov"]
[Result "1-0"]
[WhiteElo "2413"]
[BlackElo "2698"]
[TimeControl "180+1"]
[EndTime "8:07:28 PDT"]
[Termination "Sinquefield won by resignation"]

1. d4 e6 2. Nf3 c5 3. e4 cxd4 4. Nxd4 Nc6 5. Nc3 Nf6 6. g3 d5 7.
Bg2 dxe4 8. Nxc6 Qxd1+ 9. Kxd1 bxc6 10. Nxe4 Nd5 11. c3 Ba6 12. Kc2 O-O-O 13. Rd1 h6 14. h4 Be7 15. Bf1 Bb7 16. Nd2 Bc5 17. Ne4 Bb6 18. g4 f5 19. gxf5 exf5 20. Bh3 Kb8 21. Bxf5 Rhf8 22. Bg6 Bxf2 23. Nxf2 Rxf2+ 24. Kb3 Kc7 25. h5 a5 26. a4 Ba6 27. Ka3 Rdf8 28. Bd2 R8f3 29. Be1 Re2 30. Rd2 Rf1 31. Bg3+ Kb6 32. Rxf1 Rxd2 33. Rf2 Rd1 34. Be5 Bc4 35. b3 Bd3 36. Bxg7 Bxg6 37. hxg6 Rg1 38. c4 Nb4 39. Bxh6 Ra1+ 40. Kb2 Rg1 41. Be3+ Kc7 42. Rf7+ Kd6 43. Bxg1 1-0

[Event "Early-Titled-Tuesday-Blitz-August-29-2023"]
[Site "Chess.com"]
[Date "2023.08.29"]
[Round "1"]
[White "Hoshka"]
[Black "subham777"]
[Result "0-1"]
[WhiteElo "2000"]
[BlackElo "2543"]
[TimeControl "180+1"]
[EndTime "8:07:28 PDT"]
[Termination "subham777 won on time"]

1. d4 d5 2. c4 e6 3. g3 Nf6 4. Bg2 Be7 5. Nf3 O-O 6. O-O b6 7. cxd5 exd5 8. Nc3 Bb7 9. Ne5 Nbd7 10. Qa4 c5 11. Nc6 Bxc6 12. Qxc6 Rc8 13. Qa4 cxd4 14. Qxd4 Bc5 15. Qd1 d4 16. Ne4 Nxe4 17. Bxe4 Nf6 18.
Bd3 Qd7 19. Bg5 Nd5 20. a3 a5 21. Kg2 h6 22. Bd2 Rfe8 23. Rb1 Qc6 24. Kg1 Qe6 25. b4 axb4 26. axb4 Bd6 27. Qb3 Nc3 28. Qxe6 fxe6 29. Rfe1 e5 30. Bxc3 Rxc3 31. Be4 Kf8 32. Kg2 Rec8 33.
b5 R8c4 34. Bd3 Rc5 35. f3 Ke7 36. Ra1 Rc7 37. Ra4 g5 0-1

[Event "Early-Titled-Tuesday-Blitz-August-29-2023"]
[Site "Chess.com"]
[Date "2023.08.29"]
[Round "1"]
[White "JoseRemolar"]
[Black "kirillshevchenko"]
[Result "0-1"]
[WhiteElo "2512"]
[BlackElo "2978"]
[TimeControl "180+1"]
[EndTime "8:07:29 PDT"]
[Termination "kirillshevchenko won on time"]

1. e4 e5 2. Nf3 Nc6 3. Bb5 a6 4. Ba4 Nge7 5. O-O Ng6 6. c3 d6 7. h3 Be7 8. d4 Bd7 9. Re1 O-O 10. Nbd2 Qe8 11. Bb3 Kh8 12. Nf1 f5 13. exf5 Bxf5 14.
Ng3 Bd7 15. Ng5 h6 16. Qh5 Bxg5 17. Bxg5 Nf4 18. Bxf4 Rxf4 19. Qd1 Qf8 20. Re2 exd4 21.
Bc2 Qg8 22. Qd3 Ne5 23. Qd2 Raf8 24. cxd4 Nc6 25. d5 Nd4 26. Rae1 Nxe2+ 27. Rxe2 Re8 28. Qd3 Rxe2 29. Nxe2 Rf6 30. Nd4 g6 31. Qe3 Kg7 32. Bb3 Qe8 33. Ne6+ Bxe6 34. dxe6 c6 35. Qd4 d5 36. f4 Qxe6 37. g4 Kh7 38. Bc2 Rf8 39. f5 Qe1+ 40. Kg2 Kg8 0-1

[Event "Early-Titled-Tuesday-Blitz-August-29-2023"]
[Site "Chess.com"]
[Date "2023.08.29"]
[Round "1"]
[White "Marcin"]
[Black "XDPS"]
[Result "1-0"]
[WhiteElo "2475"]
[BlackElo "2854"]
[TimeControl "180+1"]
[EndTime "8:07:29 PDT"]
[Termination "Marcin won by resignation"]

1. e4 c5 2. Nf3 d6 3. d4 cxd4 4.
Nxd4 Nf6 5. Nc3 a6 6. h4 h5 7. Bg5 e6 8. Qd2 Nbd7 9. O-O-O Qc7 10. Kb1 b5 11. a3 Bb7 12. Bd3 Be7 13. f4 Rc8 14. Rhe1 Nb6 15. e5 dxe5 16. fxe5 Ng4 17. Bxe7 Qxe7 18. Be4 Nc4 19. Qf4 Nxa3+ 20. Ka1 Bxe4 21.
Nxe4 O-O 22. bxa3 Qxa3+ 23. Kb1 Rc4 24. Nb3 Rxc2 25. Kxc2 Rc8+ 26. Nec5 Qa2+ 27. Kd3 a5 28. Qd4 Nf2+ 29. Ke3 Nxd1+ 30. Rxd1 a4 31. Qd7 Rf8 32. Nd4 Qxg2 33. Ne4 a3 34. Qxb5 a2 35. Qe2 Qh3+ 36. Nf3 Ra8 37. Ra1 Ra3+ 38. Kd2 Rxf3 39. Ng5 Qxh4 40.
Nxf3 Qb4+ 41. Kc2 Qa3 42. Nd4 h4 43. Nb3 g5 44. Qd2 Qe7 45. Rxa2 Qc7+ 46. Qc3 Qb7 47. Ra4 Qf3 48. Qxf3 1-0

[Event "Early-Titled-Tuesday-Blitz-August-29-2023"]
[Site "Chess.com"]
[Date "2023.08.29"]
[Round "1"]
[White "CarlosjPineror"]
[Black "Brave_spirit12"]
[Result "0-1"]
[WhiteElo "2438"]
[BlackElo "2820"]
[TimeControl "180+1"]
[EndTime "8:07:29 PDT"]
[Termination "Brave_spirit12 won by checkmate"]

1. e4 e6 2. d4 d5 3. e5 c5 4. c3 Nc6 5. Nf3 Qb6 6. a3 f6 7. Bd3 fxe5 8. dxe5 c4 9. Bc2 g6 10. O-O Nh6 11. b3 cxb3 12. Bxb3 Ng4 13. c4 Bc5 14. Ra2 dxc4 15. Bxc4 Ngxe5 16. Nxe5 Nxe5 17. Bb3 O-O 18. Bh6 Rf7 19. Nc3 Bd7 20. Ne4 Bd4 21. h3 Rd8 22.
Re1 Bc6 23. Qb1 Bxe4 24. Rxe4 Bxf2+ 25. Kh1 Bg3 26. Be3 Qxb3 27. Qxb3 Rf1+ 28. Bg1 Rdd1 29. Qxe6+ Nf7 30. Qc8+ Kg7 31. Qc5 Nd6 32. Re7+ Kf6 33. Rae2 Nf5 34. Qxa7 Nxe7 35. Qb6+ Bd6 36. a4 Nf5 37. a5 Rxg1+ 38. Qxg1 Ng3+ 39. Kh2 Nxe2+ 40. Kh1 Rxg1# 0-1

[Event "Early-Titled-Tuesday-Blitz-August-29-2023"]
[Site "Chess.com"]
[Date "2023.08.29"]
[Round "1"]
[White "AleksanderHnydiuk"]
[Black "FGHSMN"]
[Result "0-1"]
[WhiteElo "2496"]
[BlackElo "2940"]
[TimeControl "180+1"]
[EndTime "8:07:30 PDT"]
[Termination "FGHSMN won on time"]

1. Nf3 d6 2. d4 Nf6 3. c4 g6 4. g3 Bg7 5. Bg2 O-O 6. Nc3 Nc6 7. O-O e5 8. dxe5 dxe5 9. Bg5 h6 10.
Qxd8 Rxd8 11. Bxf6 Bxf6 12. Nd5 Kg7 13. Nxc7 Rb8 14. Nd5 e4 15. Nd2 e3 16. Nxf6 Rxd2 17.
fxe3 Be6 18. b3 Rxe2 19. Nd5 Bxd5 20. Bxd5 Ne5 21. Rfe1 Rc2 22. Rec1 Rb2 23. Rcb1 Re2 24. Re1 Rxe1+ 25. Rxe1 b5 26. c5 b4 27. Rc1 Kf6 28.
c6 Rc8 29. c7 Ke7 30. Bb7 Kd7 31. Bxc8+ Kxc8 32. Kf1 Nf3 33. Ke2 Nxh2 34. Kd3 Ng4 35. e4 Nf6 36. Kd4 Nh5 37. g4 Nf6 38. Rf1 Ne8 39.
Rxf7 Nxc7 40. e5 h5 41. gxh5 gxh5 42. Rh7 Kb7 43. Kc5 Kc8 44. Kc6 Ne8 45. e6 a5 46.
Rxh5 Kd8 47. Rh7 Nf6 0-1

[Event "Early-Titled-Tuesday-Blitz-August-29-2023"]
[Site "Chess.com"]
[Date "2023.08.29"]
[Round "1"]
[White "ShahMatKanal"]
[Black "SchmakAttack"]
[Result "0-1"]
[WhiteElo "2428"]
[BlackElo "2807"]
[TimeControl "180+1"]
[EndTime "8:07:30 PDT"]
[Termination "SchmakAttack won on time"]

1. d4 Nf6 2. c4 e6 3. Nc3 Bb4 4. e3 O-O 5. Ne2 d5 6. a3 Be7 7. Nf4 dxc4 8. Bxc4 a6 9. O-O b5 10. Be2 Bb7 11. b4 Nbd7 12. Rb1 e5 13. Nd3 exd4 14.
exd4 Ne4 15. Nxe4 Bxe4 16. Rb2 Nb6 17. Nc5 Bd5 18. Be3 Nc4 19. Bxc4 Bxc4 20. Re1 Re8 21. Rd2 Qd5 22. Bf4 Bd6 23. Rxe8+ Rxe8 24. Be3 h5 25. Nxa6 Ra8 26. Nc5 Rxa3 27. h3 g6 28. Qe1 Kg7 29.
Rd1 Ra8 30. Ra1 Re8 31. Bh6+ Kxh6 32. Qxe8 Qxd4 33. Re1 Kg7 34. Nd7 Bxb4 35. Rc1 Bd6 36. g3 h4 37. gxh4 Qf4 38. Rxc4 bxc4 39. h5 gxh5 40. Qd8 Qh2+ 41. Kf1 Qxh3+ 42. Ke2 Qe6+ 43. Kf3 Qf5+ 44. Ke3 c3 0-1

[Event "Early-Titled-Tuesday-Blitz-August-29-2023"]
[Site "Chess.com"]
[Date "2023.08.29"]
[Round "1"]
[White "vladgoncharov"]
[Black "LUISMIGUELOV"]
[Result "1-0"]
[WhiteElo "2565"]
[BlackElo "2127"]
[TimeControl "180+1"]
[EndTime "8:07:30 PDT"]
[Termination "vladgoncharov won on time"]

1. d4 c6 2. c4 d5 3. Nf3 Nf6 4. e3 Bf5 5. cxd5 Bxb1 6. Rxb1 Qxd5 7. a3 e6 8. Be2 Nbd7 9. O-O Bd6 10. Qc2 O-O 11.
b4 Rac8 12. Bd3 Qh5 13. h3 e5 14. Bf5 exd4 15. exd4 g6 16. Bd3 Rfe8 17. Bd2 Nd5 18. Rbe1 Nf4 19. Bxf4 Bxf4 20. Bc4 Nb6 21. Bb3 Nd5 22.
Re4 Qf5 23. Rfe1 Rxe4 24. Rxe4 Bd6 25. Nh4 Qf6 26. Bxd5 Rd8 27. Bb3 Be7 28. Nf3 Bd6 29.
Qe2 Bc7 30. g3 Kg7 31. Kg2 a5 32. Re7 axb4 33. Rxf7+ Qxf7 34. Bxf7 Kxf7 35. axb4 Rd7 36. Ng5+ Kg7 37. h4 h6 38. Ne6+ Kh7 39. Qe4 1-0

[Event "Early-Titled-Tuesday-Blitz-August-29-2023"]
[Site "Chess.com"]
[Date "2023.08.29"]
[Round "1"]
[White "ural58"]
[Black "BrandonJacobson"]
[Result "0-1"]
[WhiteElo "2513"]
[BlackElo "2994"]
[TimeControl "180+1"]
[EndTime "8:07:31 PDT"]
[Termination "BrandonJacobson won by resignation"]

1. e4 c5 2. b3 Nc6 3. Bb2 d6 4.
f4 Nf6 5. Qf3 e6 6. Nc3 Nd4 7. Qd3 d5 8. Nf3 Nxf3+ 9. gxf3 d4 10. Ne2 Nh5 11. O-O-O Bd6 12. e5 Be7 13. Bh3 g6 14.
Ng3 Nxf4 15. Qf1 Bd7 16. Ne4 Bc6 17. Re1 Qa5 18. Kb1 O-O-O 19. d3 Qc7 20. Bc1 Nxh3 21.
Qxh3 Qxe5 22. Ng5 Qf6 23. Ne4 Qf5 24. Qg3 e5 25. f4 exf4 26. Bxf4 Qd5 27. Bb8 Qd7 28.
Bxa7 Qc7 29. Bxc5 Qxg3 30. hxg3 Bxc5 31. Nxc5 Bxh1 32. Rxh1 Rde8 33. c3 dxc3 34. Kc2 Re2+ 35. Kxc3 Rxa2 36. d4 Rg2 37. Rh3 h5 38. Ne4 Kd7 39.
Kc4 Rc8+ 40. Kd5 Ke7 41. Ke5 Re2 42. Kf4 Rd8 43. Nc3 Rxd4+ 44. Kf3 Rd3+ 45. Kxe2 Rxc3 46. b4 b5 47. Kf2 Rc4 48. Rh1 Rxb4 49. Re1+ Kf6 50.
Rc1 Rb2+ 0-1

[Event "Early-Titled-Tuesday-Blitz-August-29-2023"]
[Site "Chess.com"]
[Date "2023.08.29"]
[Round "1"]
[White "Lady_Nika"]
[Black "mbojan"]
[Result "0-1"]
[WhiteElo "2469"]
[BlackElo "2890"]
[TimeControl "180+1"]
[EndTime "8:07:32 PDT"]
[Termination "mbojan won by resignation"]

1. e4 g6 2. d4 Nf6 3. f3 d5 4. e5 Nh5 5. Be3 c5 6. c3 Nc6 7. Bb5 f6 8. f4 cxd4 9. cxd4 Bh6 10. Ne2 O-O 11. Bxc6 bxc6 12. O-O Bg4 13. Nbc3 fxe5 14. dxe5 Bxf4 15. Bd4 e6 16. Qa4 Qh4 17. Nxf4 Nxf4 18.
Bc5 Be2 19. Bxf8 Bxf1 20. Rxf1 Ne2+ 21. Kh1 Ng3+ 22. Kg1 Qxa4 23. Nxa4 Nxf1 24. Bh6 Nxh2 25. Kxh2 Rb8 26. b3 Rb4 27. Nc5 Kf7 28. Kg3 Rd4 29. Be3 Rd1 30. Nb7 Ra1 31. a4 Rb1 32. Nd8+ Ke8 33. Nxe6 Rxb3 34. Kf3 Ra3 35. g4 Rxa4 36. Ng5 h6 37. Ne6 g5 38. Ng7+ Kf7 39. Nf5 Ke6 40. Bd4 a5 41. Ke3 c5 42. Ng7+ Kd7 43. e6+ Kd6 44.
Be5+ Kxe5 45. e7 Re4+ 46. Kd3 Kf4 47. Nh5+ Kf3 48. Nf6 Rxe7 49. Nxd5 Rd7 50. Kc4 Rxd5 0-1

[Event "Early-Titled-Tuesday-Blitz-August-29-2023"]
[Site "Chess.com"]
[Date "2023.08.29"]
[Round "1"]
[White "jcibarra"]
[Black "Mindhunter08"]
[Result "1-0"]
[WhiteElo "2880"]
[BlackElo "2463"]
[TimeControl "180+1"]
[EndTime "8:07:35 PDT"]
[Termination "jcibarra won by checkmate"]

1. e4 e5 2. Nf3 Nc6 3. Bb5 a6 4. Bxc6 dxc6 5. O-O f6 6. d4 Bg4 7. c3 Bd6 8. Nbd2 Ne7 9. h3 Bh5 10. Nc4 b5 11. dxe5 bxc4 12. exd6 cxd6 13. Qe2 Qd7 14. Rd1 Qe6 15. Bf4 Rd8 16. Qe3 O-O 17. Rd2 Ng6 18. Nd4 Qd7 19. Nf5 d5 20. g4 Nxf4 21. Qxf4 Bf7 22. Re1 Rfe8 23. e5 fxe5 24. Rxe5 Bg6 25. Rde2 Bxf5 26. gxf5 Qf7 27. Re6 Rxe6 28. Rxe6 Re8 29. Rxc6 Qh5 30. Rxa6 Re1+ 31. Kg2 Qe8 32.
Rb6 Kf7 33. Rb7+ Re7 34. Rxe7+ Qxe7 35. a4 Qa7 36. Qe5 Qb7 37. Qe6+ Kf8 38. f6 d4+ 39. Kg1 d3 40. Qd6+ Kf7 41. fxg7 Kg8 42. Qf8# 1-0

[Event "Early-Titled-Tuesday-Blitz-August-29-2023"]
[Site "Chess.com"]
[Date "2023.08.29"]
[Round "1"]
[White "jasrom"]
[Black "Vuk2000"]
[Result "0-1"]
[WhiteElo "2410"]
[BlackElo "2742"]
[TimeControl "180+1"]
[EndTime "8:07:35 PDT"]
[Termination "Vuk2000 won on time"]

1. e4 e6 2. d4 d5 3. Bd3 c5 4. exd5 exd5 5. dxc5 Bxc5 6. Nf3 Nf6 7. Qe2+ Be6 8. Ng5 Qe7 9. O-O O-O 10. Re1 Re8 11.
Nc3 Nc6 12. Bf4 h6 13. Nxe6 Qxe6 14. Qxe6 fxe6 15. Bg6 Re7 16. Rad1 e5 17. Bg3 Bb4 18. Re2 Bxc3 19. bxc3 Rd8 20. Rde1 d4 21. c4 Na5 22.
Bd3 e4 23. Bxe4 Nxe4 24. Rxe4 Rxe4 25. Rxe4 Nxc4 26. h4 Rd7 27. c3 d3 28. Bf4 d2 29.
Bxd2 Nxd2 30. Rb4 a6 31. f3 b5 32. a4 bxa4 33. Rxa4 Rd6 34. Kf2 Rc6 35. Ke2 Nc4 36. Kd3 Nb2+ 37. Kd4 Nxa4 38. Kd5 Rxc3 0-1

[Event "Early-Titled-Tuesday-Blitz-August-29-2023"]
[Site "Chess.com"]
[Date "2023.08.29"]
[Round "1"]
[White "Staudenhocker43"]
[Black "expii"]
[Result "1-0"]
[WhiteElo "2615"]
[BlackElo "2276"]
[TimeControl "180+1"]
[EndTime "8:07:35 PDT"]
[Termination "Staudenhocker43 won on time"]

1. c4 Nf6 2. Nc3 d6 3. g3 g6 4.
Bg2 Bg7 5. e4 e5 6. Nge2 Nc6 7.
d3 O-O 8. O-O Bg4 9. f3 Bd7 10. f4 a6 11. h3 Nd4 12. Nxd4 exd4 13. Ne2 Ne8 14. g4 c5 15. Bd2 Nc7 16. g5 Bc6 17. Ng3 b5 18. b3 bxc4 19. bxc4 Qd7 20. Rb1 Rab8 21. Qf3 f5 22. gxf6 Bxf6 23. f5 Be5 24. Qg4 Qg7 25. Qh4 Bxg3 26. Qxg3 gxf5 27. Qxd6 Qd7 28. Qxd7 Bxd7 29. Bf4 Rxb1 30. Rxb1 Ne6 31. Bd6 Rf7 32. Rb7 fxe4 33. Bxe4 Kg7 34. Be5+ Kh6 35. Bd5 Kg5 36. Kg2 Kf5 37. Bg3 Kg5 38. h4+ Kf5 39.
Be4+ Kf6 40. Bd5 Kf5 41. Ra7 h5 42. Be4+ Kg4 43. Bf2 Nf4+ 44. Kf1 1-0

[Event "Early-Titled-Tuesday-Blitz-August-29-2023"]
[Site "Chess.com"]
[Date "2023.08.29"]
[Round "1"]
[White "KevinGeorgeMicheal"]
[Black "Ramosha"]
[Result "0-1"]
[WhiteElo "2102"]
[BlackElo "2561"]
[TimeControl "180+1"]
[EndTime "8:07:35 PDT"]
[Termination "Ramosha won by checkmate"]

1. b3 c6 2. Bb2 Nf6 3. e3 g6 4. c4 Bg7 5. g3 O-O 6. Bg2 Re8 7. Ne2 e5 8. O-O d5 9. d3 Bf5 10. Nbc3 dxc4 11. dxc4 Nbd7 12. Ba3 Qa5 13. Qc1 Rad8 14. Rd1 Nf8 15. Bd6 e4 16. c5 Ne6 17. a3 Rd7 18. b4 Qd8 19. h3 h5 20.
Qc2 Nc7 21. Nd4 Nfd5 22. Nxd5 Nxd5 23. Rac1 Qf6 24. Qe2 Rdd8 25. Kh2 Bc8 26. Qc2 h4 27.
Bxe4 Rxe4 28. Qxe4 Qxf2+ 29. Qg2 hxg3+ 30. Bxg3 Qxg2+ 31. Kxg2 Nxe3+ 32. Kf3 Nxd1 33. Rxd1 Rxd4 34. Re1 Be6 35. Be5 Bxe5 36. Rxe5 Rd3+ 37. Kf4 Rxh3 38. Kg5 Kg7 39. Re1 Rxa3 40. Kf4 Ra4 41. Re4 a5 42.
bxa5 Rxa5 43. Rb4 Rxc5 44. Rxb7 g5+ 45. Ke3 Kg6 46. Kd4 Rd5+ 47. Ke4 f5+ 48. Ke3 Kf6 49. Kf3 c5 50. Ke3 f4+ 51. Ke4 Rd4+ 52. Kf3 g4+ 53. Kf2 Rd2+ 54. Ke1 Ra2 55. Rc7 c4 56. Rc6 Ke5 57.
Rc5+ Kd4 58. Rg5 g3 59. Rg6 Bf5 60. Rd6+ Ke3 61. Rd1 g2 62. Rd3+ cxd3 63. Kd1 Rd2+ 64. Kc1 Re2 65. Kb1 g1=Q# 0-1

[Event "Early-Titled-Tuesday-Blitz-August-29-2023"]
[Site "Chess.com"]
[Date "2023.08.29"]
[Round "1"]
[White "Vse_po_kaify"]
[Black "Aemulus20"]
[Result "0-1"]
[WhiteElo "2328"]
[BlackElo "2649"]
[TimeControl "180+1"]
[EndTime "8:07:37 PDT"]
[Termination "Aemulus20 won on time"]

1. e4 c6 2. d4 d5 3. e5 c5 4. dxc5 Nc6 5. f4 e6 6. Be3 Nge7 7. Nf3 Nf5 8. Bg1 h5 9. c3 Be7 10. b4 Bh4+ 11. g3 Nxg3 12. hxg3 Bxg3+ 13. Bf2 Bxf4 14. Bb5 Bd7 15. Qe2 g5 16. Bxc6 Bxc6 17. Nbd2 d4 18. b5 dxc3 19. bxc6 cxd2+ 20. Nxd2 Qd5 21. Ne4 Qxc6 22.
Rd1 Bxe5 23. Bd4 Bxd4 24. Rxd4 g4 25. Nd6+ Ke7 26. Rf1 Rhf8 27. Nf5+ Ke8 28. Nd6+ Kd7 29. Nxf7+ Kc8 30. Nd6+ Kc7 31. Rxf8 Rxf8 32. Qxe6 Qh1+ 33. Kd2 Rf2+ 34. Kd3 Qd1+ 35. Kc4 Qa4+ 36. Kd5 Qc6+ 37. Ke5 Qxc5+ 38. Rd5 Qc3+ 39. Rd4 Re2+ 40. Ne4 Qc5+ 41. Kf6 Qxd4+ 42. Kf5 Qxe4+ 0-1

[Event "Early-Titled-Tuesday-Blitz-August-29-2023"]
[Site "Chess.com"]
[Date "2023.08.29"]
[Round "1"]
[White "TimGrutter03"]
[Black "parintele_chess"]
[Result "1-0"]
[WhiteElo "2594"]
[BlackElo "2223"]
[TimeControl "180+1"]
[EndTime "8:07:37 PDT"]
[Termination "TimGrutter03 won on time"]

1. d4 d5 2. Nc3 Nf6 3. Bf4 g6 4.
e3 Bg7 5. h4 h5 6. Nf3 O-O 7. Ne5 c5 8. Qd2 Nc6 9. O-O-O cxd4 10.
exd4 Bf5 11. f3 Nb4 12. Nd3 a5 13. a3 Nc6 14. Ne5 Rc8 15. Kb1 Nd7 16. g4 Ndxe5 17. gxf5 Nxf3 18. Qg2 Nfxd4 19. fxg6 e5 20. gxf7+ Rxf7 21. Bg5 Qf8 22. Nxd5 Rf2 23. Qg1 Nxc2 24. Bc4 Kh8 25.
Nf6 Rxf6 26. Bxf6 Qxf6 27. Rf1 Qh6 28. Be6 Re8 29. Bf7 Rf8 30. Kxc2 Nd4+ 31. Kb1 Qh7+ 32. Qg6 Qxg6+ 33. Bxg6 Rd8 34. Bxh5 Bh6 35. Bf3 Nxf3 36. Rxf3 e4 37. Rf6 Bg7 38. Re6 Rd2 39. Re8+ Kh7 40. Re7 Rxb2+ 41. Kc1 Ra2 42. Re1 Ra1+ 43. Kd2 Rxa3 44.
Rg1 1-0

[Event "Early-Titled-Tuesday-Blitz-August-29-2023"]
[Site "Chess.com"]
[Date "2023.08.29"]
[Round "1"]
[White "slidingknight2775"]
[Black "ChesscularGodofchess"]
[Result "1-0"]
[WhiteElo "2580"]
[BlackElo "2183"]
[TimeControl "180+1"]
[EndTime "8:07:37 PDT"]
[Termination "slidingknight2775 won by checkmate"]

1. d4 d6 2. Nf3 Nf6 3. g3 g6 4. Bg2 Bg7 5. O-O O-O 6. a4 d5 7. a5 c6 8. c3 a6 9. Nbd2 Bg4 10. h3 Bf5 11. Qb3 Qc8 12. Kh2 Nbd7 13. Nh4 Ne4 14.
Nxf5 gxf5 15. Nf3 Kh8 16. c4 e6 17. Be3 f6 18. Rfc1 Qb8 19. Kg1 b6 20. cxd5 cxd5 21.
Rc6 bxa5 22. Qxb8 Rfxb8 23. Rxe6 Rxb2 24. Bf1 Nb6 25. Nh4 Nc4 26. Bc1 Rb6 27. Rxb6 Nxb6 28. Rxa5 Bf8 29. Nxf5 Bb4 30. Ra2 a5 31. Ba3 Nc4 32.
Bxb4 Ra7 33. Bc5 Kg8 34. Bxa7 Kf7 35. Bc5 Ke6 36. Bg2 Kxf5 37. g4+ Kf4 38. e3+ Kg5 39. Bf1 Nxc5 40. dxc5 Ne5 41. Be2 f5 42. gxf5 Kxf5 43. Rxa5 Ke4 44. Ra4+ Kf5 45. Rf4+ Ke6 46. Bg4+ Nxg4 47. hxg4 Kd7 48. Rf7+ Kc6 49. Rxh7 Kxc5 50. Rf7 Kc4 51. Rf4+ d4 52. Rxd4+ Kc3 53. g5 Kc2 54. g6 Kc1 55. g7 Kc2 56. g8=Q Kc1 57. Qc8+ Kb2 58.
Rb4+ Ka1 59. Qa6# 1-0

[Event "Early-Titled-Tuesday-Blitz-August-29-2023"]
[Site "Chess.com"]
[Date "2023.08.29"]
[Round "1"]
[White "ahkashefi2800"]
[Black "SpongeBob_03"]
[Result "1-0"]
[WhiteElo "2574"]
[BlackElo "2174"]
[TimeControl "180+1"]
[EndTime "8:07:37 PDT"]
[Termination "ahkashefi2800 won by checkmate"]

1. d4 Nf6 2. Nf3 e6 3. g3 b6 4. Bg2 Bb7 5. O-O d6 6. Bg5 Nbd7 7. Nbd2 Be7 8. a4 O-O 9. c3 e5 10. dxe5 dxe5 11. Qc2 h6 12. Bxf6 Bxf6 13. Rfd1 Qe7 14. e4 Rfd8 15. Nc4 Nc5 16. Ne1 Qe6 17. Ne3 Bg5 18. Nd5 Na6 19. h4 Bf6 20. Kh2 g5 21. Bh3 g4 22. Bxg4 Qd6 23. Ng2 Kg7 24. Nge3 Bxd5 25. Nf5+ Kg6 26. Nxd6 Rxd6 27. exd5+ Kg7 28. Qf5 Rad8 29. Bf3 Nc5 30. Be4 Nxe4 31. Qxe4 c6 32. c4 cxd5 33. Rxd5 Rc6 34. b3 Rdc8 35. Rad1 h5 36. Rd6 Rc5 37. Qf5 Be7 38. R6d5 R5c6 39.
Qxe5+ Bf6 40. Qf4 Re8 41. Qf3 Rce6 42. Qxh5 Re2 43. Rg5+ Bxg5 44. Qxg5+ Kf8 45. Kg2 Rb2 46. Rd7 Ree2 47. Qf6 Rxf2+ 48. Qxf2 Rxf2+ 49. Kxf2 Ke8 50. Rb7 Kd8 51. Rxa7 Kc8 52. Rxf7 Kb8 53. g4 Ka8 54. g5 Kb8 55. g6 Kc8 56. h5 Kd8 57. h6 Ke8 58. h7 Kd8 59. Ke3 Ke8 60. Kd2 Kd8 61. Kc3 Ke8 62. Kb4 Kd8 63. Kb5 Ke8 64. Kxb6 Kd8 65. c5 Ke8 66. b4 Kd8 67. b5 Ke8 68. a5 Kd8 69. a6 Ke8 70. Kc6 Kd8 71.
Kd6 Ke8 72. c6 Kd8 73. b6 Ke8 74. h8=Q# 1-0

[Event "Early-Titled-Tuesday-Blitz-August-29-2023"]
[Site "Chess.com"]
[Date "2023.08.29"]
[Round "1"]
[White "GianmarcoVaR"]
[Black "Ducke13"]
[Result "0-1"]
[WhiteElo "2747"]
[BlackElo "2434"]
[TimeControl "180+1"]
[EndTime "8:07:39 PDT"]
[Termination "Ducke13 won on time"]

1. e4 c5 2. Nf3 d6 3. Bb5+ Nd7 4. a4 Nf6 5. Nc3 g6 6. O-O a6 7. Be2 Bg7 8. d3 O-O 9. Qd2 Re8 10. Qf4 b6 11. Qh4 Bb7 12. Bh6 Bc6 13. Bxg7 Kxg7 14. d4 cxd4 15. Nxd4 Bb7 16. Rad1 Rc8 17. Kh1 e5 18.
Nb3 Nxe4 19. Qxd8 Rexd8 20. Nxe4 Bxe4 21. c3 Bc2 22. Nd2 Bxd1 23. Rxd1 Nc5 24. Ra1 d5 25. b4 Ne6 26. Ra3 a5 27. bxa5 bxa5 28. g3 Rc7 29. Bf3 e4 30. Bg4 f5 31. Be2 Rdc8 32. Nb1 Nc5 33. Bb5 Nd3 34. Ra2 d4 35. Kg2 dxc3 36. Rc2 Nb4 37. Rc1 c2 38. Na3 Na2 39.
Rxc2 Rxc2 40. Nxc2 Rxc2 41. Be8 Nc3 42. Bxg6 hxg6 0-1

[Event "Early-Titled-Tuesday-Blitz-August-29-2023"]
[Site "Chess.com"]
[Date "2023.08.29"]
[Round "1"]
[White "elchacal664"]
[Black "tsaruk_maks"]
[Result "0-1"]
[WhiteElo "2413"]
[BlackElo "2749"]
[TimeControl "180+1"]
[EndTime "8:07:39 PDT"]
[Termination "tsaruk_maks won by resignation"]

1. e4 c5 2. Nc3 d6 3. Bb5+ Bd7 4.
Bxd7+ Nxd7 5. Nf3 g6 6. O-O Bg7 7. Re1 Ngf6 8. e5 dxe5 9. Nxe5 O-O 10. d3 Nxe5 11. Rxe5 b6 12. Re2 Qd7 13. Bg5 Rfe8 14. h3 Rad8 15. Qc1 Qf5 16. Qf4 Qxf4 17. Bxf4 Nd5 18. Bd2 Nxc3 19. Bxc3 Bxc3 20. bxc3 c4 21. d4 Rd5 22. f4 e6 23. a4 h5 24. Kf2 Red8 25.
Re5 Kf8 26. Rb1 Ke7 27. Rb4 f6 28. Re3 Rc8 29. Rb1 Kd7 30. Rbe1 Rc6 31. Rb1 Kc7 32. g4 Kb7 33. Rg1 h4 34. Rge1 Rdd6 35. Ke2 Ka6 36.
Kd2 Ka5 37. Ra1 Rd5 38. Rae1 Rdd6 39. Ra1 g5 40. fxg5 fxg5 41. Kc1 Rd5 42. Kb2 e5 43. Rxe5 Rxe5 44. dxe5 Re6 45. Ka3 Rxe5 46. Rb1 a6 47. Rb4 b5 48. axb5 axb5 49. Rb1 Re3 50. Kb2 Rxh3 51.
Rf1 Rg3 52. Rf5 Rxg4 0-1

[Event "Early-Titled-Tuesday-Blitz-August-29-2023"]
[Site "Chess.com"]
[Date "2023.08.29"]
[Round "1"]
[White "garfield_pg"]
[Black "YairParkhov"]
[Result "0-1"]
[WhiteElo "2363"]
[BlackElo "2680"]
[TimeControl "180+1"]
[EndTime "8:07:39 PDT"]
[Termination "YairParkhov won by resignation"]

1. d4 Nf6 2. Bf4 Nh5 3. Bd2 Nf6 4. Bf4 d6 5. Nc3 Nbd7 6. Nf3 Nh5 7. Bd2 Nhf6 8. Bf4 Nh5 9. Bd2 e5 10. e4 Nhf6 11. Bc4 Be7 12. O-O O-O 13. Re1 c6 14. a4 Qc7 15. h3 h6 16. a5 Re8 17.
Ba2 Nf8 18. Be3 Ng6 19. Qd3 Bf8 20. Qc4 exd4 21. Bxd4 Ne5 22. Nxe5 dxe5 23. Bc5 Be6 24. Qb4 Bxc5 25. Qxc5 b6 26. Qa3 Bxa2 27. Rxa2 Rad8 28. axb6 axb6 29. Qa7 Qxa7 30. Rxa7 Rd2 31. Rc1 b5 32. f3 b4 33. Nd1 Nh5 34. Ne3 Nf4 35. Rd1 Re2 36.
Nf5 Rxg2+ 37. Kf1 Rh2 38. Rdd7 Rh1+ 39. Kf2 Rf8 40. Nd6 Rh2+ 41. Kf1 Rxh3 42. Nxf7 Rxf3+ 43.
Kg1 Ne2+ 44. Kg2 R3xf7 0-1

[Event "Early-Titled-Tuesday-Blitz-August-29-2023"]
[Site "Chess.com"]
[Date "2023.08.29"]
[Round "1"]
[White "DishonorOnYourCow"]
[Black "Jospem"]
[Result "0-1"]
[WhiteElo "2527"]
[BlackElo "3048"]
[TimeControl "180+1"]
[EndTime "8:07:40 PDT"]
[Termination "Jospem won on time"]

1. d4 Nf6 2. c4 e6 3. Nf3 Bb4+ 4. Nbd2 O-O 5. a3 Be7 6. e4 d6 7. Be2 a5 8. O-O Nbd7 9. b3 e5 10. Bb2 exd4 11. Nxd4 Re8 12. f3 Bf8 13. Re1 c6 14. Nf1 Ne5 15. Ne3 g6 16. Ndc2 Qc7 17. Qd2 Be6 18.
Rad1 Rad8 19. Qc3 Nh5 20. Nd4 Bg7 21. Qc2 Nf4 22. Bf1 Qe7 23. g3 Nh5 24. f4 c5 25. fxe5 cxd4 26. exd6 Qxd6 27. Nd5 Bxd5 28. cxd5 Rc8 29. Qf2 Rc3 30. Bxc3 dxc3 31. Bc4 Be5 32. Rf1 Nf6 33. Rc1 Re7 34. Qf3 b5 35.
Be2 b4 36. axb4 axb4 37. Bc4 Kg7 38. Kg2 h5 39. Rf2 Ng4 40. Re2 Bf6 41. h3 Ne5 42. Qf4 h4 43. Bb5 hxg3 44. Qxg3 Qb6 45. Bc6 Nxc6 46. dxc6 Qxc6 47. Rce1 Be5 48. Qd3 Rd7 49. Qf3 Rd6 50. h4 Qd7 51. h5 Rd3 52. h6+ Kxh6 53.
Rh1+ Kg7 54. Qf2 Qg4+ 0-1